 Dungeon Crawl Stone Soup version 0.30.1-11-g7821555f0a (webtiles) character file.

Game seed: 4038422423468767427

1743 Peloso the Carver (level 8, -2/70 HPs)
             Began as a Minotaur Fighter on Dec 23, 2023.
             Was an Initiate of Okawaru.
             Slain by Maggie
             ... wielding a +1 morningstar of flaming
              (10 damage)
             ... on level 6 of the Dungeon.
             The game lasted 00:13:58 (4971 turns).

Peloso the Carver (Minotaur Fighter)                Turns: 4971, Time: 00:13:59

Health: -2/70      AC: 12    Str: 22    XL:     8   Next: 77%
Magic:  7/7        EV:  8    Int:  5    God:    Okawaru [......]
Gold:   49         SH: 11    Dex: 11    Spells: 7/7 levels left

rFire   . . .        a - +3 long sword
rCold   . . .        d - +2 kite shield
rNeg    . . .        D - +0 chain mail
rPois   .            (helmet restricted)
rElec   .            (no cloak)
rCorr   .            (no gloves)
SInv    .            q - +0 pair of boots
Will    .....        i - amulet of regeneration Stlth
                     e - ring of flight
HPRegen 1.11/turn    (no ring)
MPRegen 0.10/turn

%: no passive effects
@: flying
A: horns 2, retaliatory headbutt
a: Renounce Religion


You were on level 6 of the Dungeon.
You worshipped Okawaru.
Okawaru was noncommittal.
You visited 2 branches of the dungeon, and saw 7 of its levels.
You also visited: Sewer.

You collected 289 gold pieces.
You spent 240 gold pieces at shops.

Inventory:

Hand Weapons
 a - a +3 long sword (weapon)
Missiles
 J - a throwing net (quivered)
Armour
 b - a +0 scale mail
 c - a +0 buckler
 d - a +2 kite shield (worn)
 q - a +0 pair of boots (worn)
 D - a +0 chain mail (worn)
Jewellery
 e - a ring of flight (left hand)
 i - an amulet of regeneration (around neck)
 u - an amulet of reflection
 E - a ring of ice
 F - an amulet of magic regeneration
Wands
 s - a wand of flame (18)
 G - a wand of paralysis (7)
Scrolls
 f - 4 scrolls of teleportation {unknown}
 g - 6 scrolls of noise {unknown}
 h - a scroll of fear {unknown}
 k - 2 scrolls of enchant weapon {unknown}
 o - 2 scrolls of torment {unknown}
 x - 2 scrolls of fog {unknown}
 y - 3 scrolls of identify {unknown}
 C - a scroll of acquirement {unknown}
 H - a scroll of blinking {unknown}
 I - a scroll of silence {unknown}
Potions
 j - a potion of haste
 l - a potion of might
 m - 6 potions of curing {unknown}
 n - 3 potions of brilliance {unknown}
 p - 2 potions of mutation
 r - a potion of berserk rage {unknown}
 t - a potion of invisibility {unknown}
 v - 3 potions of attraction {unknown}
 w - 2 potions of flight {unknown}
 z - a potion of cancellation {unknown}
 A - a potion of magic {unknown}
 B - a potion of resistance


   Skills:
 + Level 5.7 Fighting
 + Level 8.2 Long Blades
 + Level 8.2 Armour
 + Level 2.5 Dodging
 + Level 0.2 Stealth
 + Level 6.7 Shields
 + Level 1.1 Evocations


You had 7 spell levels left.
You didn't know any spells.
Your spell library contained the following spells:

 Spells                   Type           Power      Damage    Failure   Level
 Ensorcelled Hibernation  Hex/Ice        0%         N/A       100%        2
 Passwall                 Tmut/Erth      0%         N/A       100%        2
 Stone Arrow              Conj/Erth      0%         3d7       100%        3
 Swiftness                Air            0%         N/A       100%        3
 Teleport Other           Tloc           0%         N/A       100%        3
 Vhi's Electric Charge    Tloc/Air       0%         N/A       100%        3
 Eringya's Noxious Bog    Tmut/Pois      0%         N/A       100%        6
 Disjunction              Tloc           0%         N/A       100%        8
 Lehudib's Crystal Spear  Conj/Erth      0%         10d2      100%        8
 Animate Armour           Summ/Erth      Unusable   N/A       N/A         4

Dungeon Overview and Level Annotations

Branches:
Dungeon (6/15)             Temple (1/1) D:6           Sewer (visited)

Altars:
Ashenzari
Elyvilon
Fedhas
Gozag
Makhleb
Nemelex Xobeh
Okawaru
Qazlal
Ru
Trog
Uskayaw
Vehumet
Wu Jian
Xom
Zin

Shops:
D:2 !*!

Annotations:
D:4 3 runed translucent doors, zen1337's ghost, amateur DsCj
D:6 Maggie


Innate Abilities, Weirdness & Mutations

You have a pair of horns on your head.
You reflexively headbutt those who attack you in melee.


Message History

The gnoll attacks as you move away! The gnoll hits you but does no damage.
The gnoll attacks as you move away! The gnoll barely misses you.
The orc priest looks encouraged for a moment.
The orc priest casts a cantrip, but nothing happens.
The gnoll attacks as you move away! The gnoll hits you but does no damage.
The gnoll attacks as you move away! The gnoll closely misses you.
Found a white marble altar of Elyvilon.
You closely miss the gnoll. The gnoll hits you with a +0 flail.
Unknown command.
You hit the gnoll.
The gnoll is moderately wounded.
You block the gnoll's attack.
You hit the gnoll.
The gnoll is severely wounded.
You block the gnoll's attack.
You barely miss the gnoll.
The gnoll is severely wounded.
The gnoll hits you with a +0 flail!
You slash the gnoll!
You kill the gnoll!
Okawaru accepts your kill.
You slash the orc!
You kill the orc!
Okawaru accepts your kill.
You hit the orc.
The orc is moderately wounded.
You block the orc's attack.
Maggie points at you and mumbles some strange words.
The bolt of fire hits the orc!
The orc dies!
The bolt of fire hits you!!
Maggie hits you with a +1 morningstar of flaming!
* * * LOW HITPOINT WARNING * * *
Maggie burns you.
* * * LOW HITPOINT WARNING * * *
The orc priest looks braver for a moment.
You hit Maggie. Your headbutt misses Maggie.
Maggie is lightly wounded.
Maggie hits you with a +1 morningstar of flaming!
You die...

♣..≈≈≈≈§. ♣.≈....§≈
♣.≈.§§≈.≈ # ♣.≈≈...≈≈ ##
♣.§≈._.≈≈
.##############♣.≈≈...≈≈
†##.....o......♣.≈.§≈≈.≈
........@......♣.§§..§§≈
............o..♣@§§§≈§§.
........######o@♣♣♣♣♣♣♣♣
............#####
............#
............#
............#
............#
.......#....# #####
....#..#....# #...#


You could see Maggie and an orc priest.

Vanquished Creatures
  An ice beast (D:5)
  A black bear (D:4)
  An orc warrior (D:6)
  2 ogres
  A centaur (D:5)
  A kobold brigand (Sewer)
  A bullfrog (D:6)
  5 wights
  2 jellies (D:4)
  3 orc priests
  Ijyb (D:3)
  A gnoll bouda (D:6)
  4 hounds
  A sleepcap (D:5)
  2 iguanas
  3 orc wizards
  15 gnolls
  5 adders
  4 river rats
  A shadow imp (D:4)
  2 worms (Sewer)
  8 orcs
  13 ball pythons
  11 endoplasms
  4 giant cockroaches
  12 goblins
  13 hobgoblins
  3 jackals (D:1)
  2 quokkas
  10 bats
  4 frilled lizards
  15 kobolds
  4 rats
156 creatures vanquished.

Vanquished Creatures (others)
  An orc wizard (D:5)
  An orc (D:6)
2 creatures vanquished.

Grand Total: 158 creatures vanquished

Notes
Turn   | Place    | Note
-------+----------+-------------------------------------------
     0 | D:1      | Peloso the Minotaur Fighter began the quest for the Orb.
     0 | D:1      | Reached XP level 1. HP: 19/19 MP: 0/0
   187 | D:1      | Reached XP level 2. HP: 26/27 MP: 1/1
   467 | D:1      | Reached XP level 3. HP: 33/33 MP: 2/2
   840 | D:2      | Found Syerem's Distillery.
   848 | D:2      | Bought a potion of degeneration for 14 gold pieces
   984 | D:2      | Found Ycwue's Distillery.
  1318 | D:2      | Found a transporter.
  1318 | D:2      | Found Leudik's Assorted Antiques.
  1412 | D:2      | Found a faded altar of an unknown god.
  1675 | D:2      | Found a transporter.
  1746 | D:2      | Bought a potion of mutation for 88 gold pieces
  2023 | D:3      | Reached XP level 4. HP: 40/40 MP: 3/3
  2107 | D:3      | Noticed Ijyb
  2118 | D:3      | Killed Ijyb
  2793 | D:4      | Noticed a black bear
  2799 | D:4      | Killed a black bear
  2800 | D:4      | Reached skill level 1 in Dodging
  2800 | D:4      | Reached XP level 5. HP: 46/47 MP: 4/4
  2824 | D:4      | Found a glowing drain.
  2841 | D:4      | Reached skill level 5 in Shields
  2853 | Sewer    | Entered a sewer
  2870 | Sewer    | Reached skill level 5 in Armour
  2893 | Sewer    | Reached XP level 6. HP: 53/53 MP: 5/5
  3085 | Sewer    | Reached skill level 5 in Long Blades
  3207 | D:4      | Noticed zen1337's ghost (amateur DsCj)
  3298 | D:4      | Found a runed translucent gate.
  3299 | D:4      | Found a runed translucent gate.
  3319 | D:4      | Found a runed translucent gate.
  3505 | D:4      | Reached XP level 7. HP: 60/60 MP: 6/6
  3596 | D:5      | Entered Level 5 of the Dungeon
  3906 | D:5      | Got the Secrets of Transfiguration and the Blink Frog
  3959 | D:5      | Reached skill level 1 in Evocations
  3968 | D:5      | Reached XP level 8. HP: 56/67 MP: 7/7
  4045 | D:5      | Reached skill level 5 in Fighting
  4429 | D:2      | Bought a fizzy brown potion for 21 gold pieces
  4429 | D:2      | Bought a blue potion for 21 gold pieces
  4429 | D:2      | Bought a scroll labelled LUFAUPYCZUA for 24 gold pieces
  4429 | D:2      | Bought a scroll labelled BUASYH SOTUJI for 24 gold pieces
  4429 | D:2      | Bought a scroll labelled YMNAGH JOQU for 24 gold pieces
  4429 | D:2      | Bought a scroll labelled NECERAGEME for 24 gold pieces
  4645 | D:6      | Found a staircase to the Ecumenical Temple.
  4662 | Temple   | Entered the Ecumenical Temple
  4776 | Temple   | Became a worshipper of Warmaster Okawaru
  4944 | D:6      | Noticed Maggie
  4959 | D:6      | Found a white marble altar of Elyvilon.
  4971 | D:6      | Slain by Maggie

Illustrated notes

Levels and vault maps discovered:
D:1:      tarquinn_simple_flora_water_a, layout_loops_cross
D:2:      layout_loops_ring, serial_shops, nicolae_shop_tiny_glass, shop,
          nicolae_shop_drivethru, shapermc_ecumenical_altar_flowoftime
D:3:      wad_river_or_something, layout_basic,
          minmay_fractal_squares_gapless_5, uniq_ijyb
D:4:      layout_basic, portal_sewer_entry_c, gammafunk_ghost_split
D:5:      layout_cave_pools, serial_park, serial_park_tiny_pond,
          serial_park_paths [serial_park_minivault_5x5_5], serial_park_tiny_1,
          dk_noncrumbling_4
D:6:      layout_basic, mainiacjoe_overflow_paths,
          minmay_temple_entry_stoned_glass, minmay_misc_feat_more_columns,
          uniq_maggie
Temple:   eino_temple_water

Skill      XL: |  1  2  3  4  5  6  7  8 |
---------------+-------------------------+-----
Armour         | 4 5 6 8 |  8.2
Fighting       | 4 5 |  5.7
Shields        | 4 5 6 |  6.7
Long Blades    | 3 4 5 6 8 |  8.2
Dodging        | 1 2 |  2.5
Evocations     | 1 |  1.1
Stealth        | |  0.2

Action                     |  1- 3 |  4- 6 |  7- 9 || total
---------------------------+-------+-------+-------++-------
  Melee: Long sword        |   135 |   172 |   166 ||   473
         Headbutt          |    16 |    29 |    29 ||    74
  Evoke: Wand              |       |       |     1 ||     1
    Use: Potion            |     2 |       |     3 ||     5
 Armour: Scale mail        |    42 |    36 |       ||    78
         Chain mail        |       |    32 |    75 ||   107
  Dodge: Dodged            |    63 |    44 |    44 ||   151
  Block: Buckler           |    26 |       |       ||    26
         Kite shield       |    27 |    99 |   119 ||   245
